 Dungeon Crawl Stone Soup version 0.31.0-11-ge490571c62 (webtiles) character file.

Game seed: 6013979072931307845

88 qw the Shooter (level 4, -1/25 HPs)
             Began as a Deep Elf Hunter on Feb 4, 2024.
             Slain by a cerulean imp
             ... wielding a +2 spear
             ... summoned by Natasha
              (7 damage)
             ... on level 2 of the Dungeon.
             The game lasted 00:00:05 (1756 turns).

qw the Shooter (Deep Elf Hunter)                    Turns: 1756, Time: 00:00:06

Health: -1/25      AC:  5    Str: 10    XL:     4   Next: 30%
Magic:  6/6        EV: 11    Int: 14    God:
Gold:   143        SH:  0    Dex: 18    Spells: 3/3 levels left

rFire   . . .        a - +0 shortbow
rCold   . . .        (shield currently unavailable)
rNeg    . . .        e - +0 ring mail
rPois   .            (no helmet)
rElec   .            (no cloak)
rCorr   .            (no gloves)
SInv    .            (no boots)
Will    +....        (no amulet)
Stlth   +            f - ring of willpower
HPRegen 0.24/turn    (no ring)
MPRegen 0.10/turn

%: no passive effects
@: no status effects
A: no striking features
a: no special abilities


You were on level 2 of the Dungeon.
You visited 1 branch of the dungeon, and saw 3 of its levels.

You collected 143 gold pieces.


   Skills:
 - Level 1.5 Fighting
 + Level 7.7 Ranged Weapons
 - Level 2.4 Dodging
 - Level 1.2 Stealth


You had 3 spell levels left.
You didn't know any spells.
Your spell library was empty.

Inventory:

Hand Weapons
 a - a +0 shortbow (weapon)
Armour
 e - a +0 ring mail (worn)
 k - a +0 pair of boots
Jewellery
 b - a ring of fire
 f - a ring of willpower (left hand)
 h - a +6 ring of intelligence
Scrolls
 c - a scroll of fog {unknown}
 i - a scroll of immolation {unknown}
 j - a scroll of revelation {unknown}
 l - 3 scrolls of identify
 m - a scroll of enchant armour {unknown}
Potions
 d - a potion of enlightenment
 g - a potion of curing

Dungeon Overview and Level Annotations

Branches:
Dungeon (3/15)

Altars:
Nemelex Xobeh

Annotations:
D:2 Natasha


Message History

You shoot an arrow. The arrow barely misses Natasha.
Natasha completely misses you.
You shoot an arrow. The arrow closely misses Natasha.
Natasha claws you.
You shoot an arrow. The arrow closely misses Natasha.
Natasha barely misses you.
You shoot an arrow. The arrow hits Natasha.
Natasha is moderately wounded.
Natasha misses you.
You shoot an arrow. The arrow barely misses Natasha.
Natasha claws you but does no damage.
You shoot an arrow.
The arrow hits Natasha but does no damage.
Natasha is moderately wounded.
Natasha casts a spell.
You shoot an arrow. The arrow closely misses Natasha.
The arrow closely misses the cerulean imp.
Natasha barely misses you.
The cerulean imp hits you from afar with a +2 spear.
Natasha casts a spell at you. The magic dart hits you.
You shoot an arrow. The arrow hits Natasha.
Natasha is heavily wounded.
The cerulean imp barely misses you. Natasha closely misses you.
You shoot an arrow. The arrow hits Natasha.
Natasha is severely wounded.
The cerulean imp misses you.
Natasha howls an incantation.
Natasha shimmers violently.
Natasha claws you!
You shoot an arrow.
The arrow hits Natasha but does no damage.
Natasha is severely wounded.
The cerulean imp hits you but does no damage.
Natasha claws you.
You shoot an arrow. The arrow closely misses Natasha.
The arrow hits the cerulean imp.
The cerulean imp is lightly wounded.
The cerulean imp hits you from afar with a +2 spear!
You die...

#...>............'........#....
#....#############........#..).
#....# ###........... #....#
#.#####..... #....#
##.######.... #....###########
#..........## #....##........#
#....?.....# #....##.######.#
#..........# #....##.# #@#
#..........# #########'###
#h####..........# #...........#
#5......h.#.)...##
#...........#
######...###......
#...........# ##..## ##.....
#..........## ##....# +......
#..........# ##..#.## ##.#...
########...# #..#### ####..
#...# #.## ##.


You could see Natasha and a cerulean imp (summoned).

Vanquished Creatures
  Natasha (twice) (D:2)
  A dart slug (D:2)
  A ribbon worm (D:2)
  An orc (D:2)
  2 bats
  An endoplasm (D:1)
  3 giant cockroaches
  5 hobgoblins (D:1)
  A kobold (D:1)
  3 quokkas
  2 ball pythons (D:2)
  2 frilled lizards (D:1)
  6 goblins
  2 rats
32 creatures vanquished.

Notes
Turn   | Place    | Note
-------+----------+-------------------------------------------
     0 | D:1      | qw the Deep Elf Hunter began the quest for the Orb.
     0 | D:1      | Reached XP level 1. HP: 12/12 MP: 3/3
     0 | D:1      | 0 ||| qw: Version: 0.3-a-160-g6735b56
     0 | D:1      | 0 ||| qw: Game counter: 5125
     0 | D:1      | 0 ||| qw: Melee chars always use a shield: true
     0 | D:1      | 0 ||| qw: God list: Okawaru
     0 | D:1      | 0 ||| qw: Allow faded altars: false
     0 | D:1      | 0 ||| qw: Do Orc after clearing Dungeon:15 true
     0 | D:1      | 0 ||| qw: Do second Lair branch before Depths: true
     0 | D:1      | 0 ||| qw: Lair rune preference: random
     0 | D:1      | 0 ||| qw: Goals: Normal
     0 | D:1      | 0 ||| PLANNING D:1-11
   239 | D:1      | Reached skill level 6 in Ranged Weapons
   239 | D:1      | Reached XP level 2. HP: 16/16 MP: 4/4
   289 | D:1      | 289 ||| DROPPING +0 sling of draining.
   668 | D:1      | 668 ||| UPGRADING to ring of willpower.
   669 | D:1      | 669 ||| READING scroll labelled DEYLEKOMOTA.
   669 | D:1      | 669 ||| IDENTIFYING bubbling emerald potion
   670 | D:1      | 670 ||| DROPPING scroll of butterflies.
   784 | D:2      | Reached XP level 3. HP: 20/20 MP: 5/5
   911 | D:2      | You fall into a shaft and drop 1 floor!
   917 | D:3      | Found a sparkling altar of Nemelex Xobeh.
   985 | D:3      | 985 ||| UPGRADING to +0 scale mail.
   995 | D:3      | 995 ||| DROPPING +0 leather armour.
   996 | D:3      | 996 ||| UPGRADING to +0 ring mail.
  1006 | D:3      | 1006 ||| DROPPING +0 scale mail.
  1007 | D:3      | 1007 ||| READING scroll of identify.
  1007 | D:3      | 1007 ||| IDENTIFYING black potion
  1008 | D:3      | 1008 ||| READING scroll labelled BOGATZ IHUN.
  1109 | D:3      | 1109 ||| READING scroll labelled ACIEFUE NYMY.
  1112 | D:3      | 1112 ||| DRINKING 2 orange potions.
  1113 | D:3      | 1113 ||| DROPPING potion of attraction.
  1133 | D:2      | Noticed Natasha
  1141 | D:2      | HP: 3/20 [Natasha (5)]
  1147 | D:2      | HP: 1/20 [Natasha (3)]
  1148 | D:2      | Killed Natasha
  1149 | D:2      | Reached skill level 7 in Ranged Weapons
  1473 | D:2      | Noticed Natasha
  1476 | D:2      | Killed Natasha
  1477 | D:2      | Reached XP level 4. HP: 25/25 MP: 6/6
  1738 | D:2      | Noticed Natasha
  1739 | D:2      | 1739 ||| FLEEEEING.
  1755 | D:2      | HP: 6/25 [Natasha (2)]
  1756 | D:2      | Slain by a cerulean imp

Levels and vault maps discovered:
D:1:      scummos_arrival_forest, layout_loops_cross
D:2:      layout_basic, minmay_fractal_squares_gapless_5, uniq_natasha
D:3:      layout_loops_ring, nicolae_overflow_crystal_walls

Skill      XL: |  1  2  3 |
---------------+----------+-----
Ranged Weapons | 6 7 |  7.7
Fighting       | |  1.5
Dodging        | |  2.4
Stealth        | |  1.2

Action                     |  1- 3 |  4- 6 || total
---------------------------+-------+-------++-------
   Fire: Shortbow          |   111 |    14 ||   125
    Use: Scroll            |     4 |       ||     4
         Potion            |     1 |       ||     1
 Armour: Leather armour    |    22 |       ||    22
         Ring mail         |     8 |    10 ||    18
  Dodge: Dodged            |    32 |     8 ||    40

Table legend:
 A = Non-vault XP
 B = Vault XP
 C = Vault XP percentage of total XP
 D = Non-vault monster count
 E = Vault monster count
 F = Vault count percentage of total count
                 A         B        C        D         E       F
            +---------+---------+-------+---------+---------+-------
      Total |      92 |      35 |  27.6 |      31 |       1 |   3.1
            +---------+---------+-------+---------+---------+-------
        D:1 |      33 |       0 |   0.0 |      19 |       0 |   0.0
        D:2 |      57 |      35 |  38.0 |      11 |       1 |   8.3
        D:3 |       2 |       0 |   0.0 |       1 |       0 |   0.0
            +---------+---------+-------+---------+---------+-------
